 Dungeon Crawl Stone Soup version 0.31-a0-1005-gfbdfbac (webtiles) character file.

Game seed: 15920644558497437436

361 Partyfoot the Trooper (level 6, -5/49 HPs)
             Began as a Formicid Gladiator on Nov 11, 2023.
             Was an Initiate of Okawaru.
             Slain by a phantom (7 damage)
             ... on level 5 of the Dungeon.
             The game lasted 00:10:08 (3402 turns).

Partyfoot the Trooper (Formicid Gladiator)          Turns: 3402, Time: 00:10:09

Health: -5/49      AC:  5    Str: 18    XL:     6   Next: 98%
Magic:  6/6        EV: 12    Int: 10    God:    Okawaru [......]
Gold:   198        SH:  5    Dex: 15    Spells: 5/5 levels left

rFire   . . .        y - +1 mace (venom)
rCold   . . .        (no shield)
rNeg    + . .        k - +0 ring mail
rPois   .            (helmet unavailable)
rElec   .            (no cloak)
rCorr   .            (no gloves)
SInv    +            (no boots)
Will    .....        A - amulet of reflection
Stlth   +            t - ring of positive energy
HPRegen 0.28/turn    (no ring)
MPRegen 0.10/turn

%: reflection
@: no status effects
A: permanent stasis, dig shafts and tunnels, antennae 3, four strong arms
a: Dig, Shaft Self, Renounce Religion


You were on level 5 of the Dungeon.
You worshipped Okawaru.
Okawaru was noncommittal.
You visited 1 branch of the dungeon, and saw 5 of its levels.

You collected 198 gold pieces.

Inventory:

Hand Weapons
 a - a +0 quarterstaff
 y - a +1 mace of venom (weapon)
Missiles
 c - 3 throwing nets (quivered)
 d - a javelin
 v - 4 boomerangs
Armour
 b - a +0 leather armour
 k - a +0 ring mail (worn)
Magical Staves
 h - a staff of death
Jewellery
 t - a ring of positive energy (left hand)
 A - an amulet of reflection (around neck)
Scrolls
 e - 4 scrolls of identify {unknown}
 f - 3 scrolls of fear {unknown}
 i - a scroll of teleportation {unknown}
 j - 2 scrolls of noise {unknown}
 l - a scroll of brand weapon {unknown}
 o - 3 scrolls of enchant weapon {unknown}
 s - a scroll of blinking {unknown}
 u - a scroll of amnesia {unknown}
 x - a scroll of summoning {unknown}
 z - a scroll of fog {unknown}
Potions
 g - a potion of magic
 m - a potion of lignification {unknown}
 n - a potion of curing {unknown}
 p - a potion of heal wounds {unknown}
 q - 2 potions of resistance {unknown}
 r - a potion of mutation {unknown}
 w - 2 potions of haste {unknown}


   Skills:
 + Level 4.4 Fighting
 - Level 3.8 Staves
 - Level 3.0 Throwing
 + Level 2.4 Armour
 + Level 4.1 Dodging


You had 5 spell levels left.
You didn't know any spells.
Your spell library contained the following spells:

 Spells                   Type           Power      Damage    Failure   Level
 Lesser Beckoning         Tloc           0%         N/A       69%         2
 Momentum Strike          Conj/Tloc      0%         3d8       69%         2
 Gell's Gravitas          Tloc           0%         N/A       89%         3
 Ozocubu's Armour         Ice            0%         N/A       89%         3
 Teleport Other           Tloc           0%         N/A       89%         3
 Dispersal                Tloc           0%         N/A       100%        6
 Ozocubu's Refrigeration  Ice            0%         4d7       100%        7
 Polar Vortex             Ice            0%         N/A       100%        9
 Blink                    Tloc           Unusable   N/A       N/A         2
 Simulacrum               Ice/Necr       Unusable   N/A       N/A         6

Dungeon Overview and Level Annotations

Branches:
Dungeon (5/15)
 Temple: D:4-7

Altars:
Cheibriados
Fedhas
Makhleb
Nemelex Xobeh
Okawaru
Sif Muna
Vehumet
Zin
The Shining One

Annotations:
D:4 exclusion: statue


Innate Abilities, Weirdness & Mutations

You cannot be hasted, slowed, berserked, paralysed or teleported.
You can dig through walls and to a lower floor.
You have a pair of large antennae on your head. (SInv)
Your four strong arms can wield two-handed weapons with a shield.


Message History

Your Dodging skill increases to level 4!
You barely miss the orc.
The orc is heavily wounded.
You block the orc's attack. The phantom hits you.
* * * LOW HITPOINT WARNING * * *
It was a potion of magic.
Magic courses through your body. You block the orc's attack.
The phantom hits you but does no damage.
You hit the orc but do no damage.
The orc looks even sicker.
The orc is severely wounded.
You block the orc's attack. You block the phantom's attack.
You barely miss the phantom.
The phantom is heavily damaged.
The orc misses you. You block the phantom's attack.
The orc attacks as it pursues you! The orc hits you but does no damage.
The orc attacks as it pursues you!
The orc hits you with a +0 mace of protection.
* * * LOW HITPOINT WARNING * * *
The phantom hits you but does no damage.
A hound comes into view.
The hound barks!
You kill the orc!
Okawaru accepts your kill. The phantom attacks as it pursues you!
The phantom hits you but does no damage.
You miss the phantom.
The phantom is heavily damaged.
You block the phantom's attack.
You closely miss the phantom.
The phantom is heavily damaged.
The phantom hits you but does no damage.
You closely miss the hound. You block the hound's attack. The phantom hits you.
* * * LOW HITPOINT WARNING * * *
The hound misses you.
You hit the hound.
The hound is poisoned.
The hound is lightly wounded.
The hound bites you but does no damage.
The phantom hits you but does no damage.
The phantom hits you!
You die...

..## ...## ........
.......###
##......#.#..
##..>........?.
#..............
##@##...........
#?hW#...........
###...)).........
#................
#...?.............
..................$
.....................
.......<..$.........#
............?.......#


You could see a phantom and a hound (very poisoned).

Vanquished Creatures
  A centaur (D:5)
  2 orc priests
  A sleepcap (D:4)
  2 orc wizards
  4 adders
  A dart slug (D:3)
  2 worms
  12 orcs
  8 ball pythons
  6 bats
  6 endoplasms
  3 giant cockroaches
  8 goblins
  6 hobgoblins
  2 jackals (D:1)
  9 kobolds
  4 quokkas
  2 frilled lizards
  6 rats
85 creatures vanquished.

Notes
Turn   | Place    | Note
-------+----------+-------------------------------------------
     0 | D:1      | Partyfoot the Formicid Gladiator began the quest for the
                  | Orb.
     0 | D:1      | Reached XP level 1. HP: 16/16 MP: 1/1
    70 | D:1      | Reached XP level 2. HP: 22/23 MP: 2/2
   387 | D:1      | Reached XP level 3. HP: 24/28 MP: 3/3
  1052 | D:2      | Reached XP level 4. HP: 23/34 MP: 4/4
  1681 | D:3      | Found a shimmering blue altar of Sif Muna.
  1724 | D:3      | Reached XP level 5. HP: 28/41 MP: 5/5
  1902 | D:3      | Found a glowing golden altar of the Shining One.
  1904 | D:3      | Found a snail-covered altar of Cheibriados.
  1908 | D:3      | Found a glowing silver altar of Zin.
  1910 | D:3      | Found a burning altar of Makhleb.
  1923 | D:3      | Found an iron altar of Okawaru.
  1926 | D:3      | Found a blossoming altar of Fedhas.
  1933 | D:3      | Became a worshipper of Warmaster Okawaru
  2716 | D:4      | Reached skill level 1 in Armour
  2728 | D:4      | Reached XP level 6. HP: 37/48 MP: 6/6
  3109 | D:4      | Found a radiant altar of Vehumet.
  3306 | D:4      | Found a sparkling altar of Nemelex Xobeh.
  3366 | D:5      | Entered Level 5 of the Dungeon
  3396 | D:5      | HP: 1/49 [orc/+0 mace of protection (4)]
  3401 | D:5      | HP: 1/49 [phantom (1)]
  3402 | D:5      | Slain by a phantom

Illustrated notes

Levels and vault maps discovered:
D:1:      reono_arrival_forest_river, layout_basic,
          hangedman_decor_diamond_cutter, minivault_24
D:2:      layout_basic, guppyfry_early_lair_pool
D:3:      layout_basic, mainiacjoe_overflow_paths, minitemple
D:4:      layout_loops_ring, vehumet_statue, nemelex_dance_club_becter,
          serial_library_hellmonk_open_square, dreamdust_princess_corridor
D:5:      layout_cave_pools

Skill      XL: |  1  2  3  4  5  6 |
---------------+-------------------+-----
Dodging        | 3 4 |  4.1
Fighting       | 3 4 |  4.4
Throwing       | 3 |  3.0
Armour         | 1 2 |  2.4
Staves         | |  3.8

Action                     |  1- 3 |  4- 6 || total
---------------------------+-------+-------++-------
  Melee: Quarterstaff      |    80 |   109 ||   189
         Punch             |     1 |     3 ||     4
         Mace              |       |    78 ||    78
    Use: Potion            |       |     1 ||     1
   Stab: Sleeping          |     1 |       ||     1
 Armour: Leather armour    |    51 |       ||    51
         Skin              |     1 |       ||     1
         Ring mail         |       |   127 ||   127
  Dodge: Dodged            |    40 |   114 ||   154
  Block: Other             |       |    21 ||    21
         Reflection        |       |     2 ||     2

Table legend: (Time is in decaauts)
 A = Elapsed time spent in this place.
 B = Non-inter-level travel time spent in this place.
 C = Inter-level travel time spent in this place.
 D = Time resting spent in this place.
 E = Time spent auto-exploring this place.
 F = Levels seen in this place.
 G = Mean time per level.
                   A        B        C        D        E       F      G
               +--------+--------+--------+--------+--------+-----+--------+
         Total |   3451 |   3328 |    123 |    386 |   2187 |   5 |  690.2 |
       Dungeon |   3451 |   3328 |    123 |    386 |   2187 |   5 |  690.2 |
               +--------+--------+--------+--------+--------+-----+--------+

Top non-repeatable levels by time:
     D:4: 1185 daAuts
     D:1: 1002 daAuts
     D:2: 612 daAuts
     D:3: 611 daAuts
     D:5: 39 daAuts
